 Dungeon Crawl Stone Soup version 0.31-a0-195-g7586a6f1e9 (webtiles) character file.

Game seed: 9529010434463627257

30 qw the Shooter (level 3, -1/20 HPs)
             Began as a Deep Elf Hunter on June 24, 2023.
             Succumbed to their own poison gas
             ... on level 1 of the Dungeon.
             The game lasted 00:00:17 (847 turns).

qw the Shooter (Deep Elf Hunter)                     Turns: 847, Time: 00:00:17

Health: -1/20      AC:  4    Str: 10    XL:     3   Next: 5%
Magic:  5/5        EV: 12    Int: 13    God:
Gold:   46         SH:  0    Dex: 18    Spells: 2/2 levels left

rFire   . . .        Y - +1 shortbow
rCold   . . .        (shield currently unavailable)
rNeg    . . .        c - +0 leather armour
rPois   .            j - +0 helmet
rElec   .            (no cloak)
rCorr   .            (no gloves)
SInv    .            (no boots)
Will    .....        (no amulet)
Stlth   ++           (no ring)
HPRegen 0.23/turn    (no ring)
MPRegen 0.09/turn

%: no passive effects
@: lethally poisoned (-1 -> -9)
A: no striking features
a: no special abilities


You were on level 1 of the Dungeon.
You visited 1 branch of the dungeon, and saw 1 of its levels.

You collected 46 gold pieces.


   Skills:
 - Level 1.5 Fighting
 + Level 6.6 Ranged Weapons
 - Level 2.4 Dodging
 - Level 1.2 Stealth


You had 2 spell levels left.
You didn't know any spells.
Your spell library was empty.

Inventory:

Hand Weapons
 Y - a +1 shortbow (weapon)
Armour
 c - a +0 leather armour (worn)
 j - a +0 helmet (worn)
Potions
 e - a potion of enlightenment {unknown}

Dungeon Overview and Level Annotations

Branches:
Dungeon (1/15)

Altars:


Message History

840 ||| READING scroll labelled RUAMNI YNAP.
As you read the scroll labelled RUAMNI YNAP, it dissolves into smoke.
It was a scroll of fog.
Done exploring.
841 ||| READING scroll labelled LAERIO REUT.
As you read the scroll labelled LAERIO REUT, it crumbles to dust.
It is a scroll of enchant weapon.
Your +0 shortbow glows red for a moment.
Done exploring.
842 ||| DROPPING scroll of revelation.
You drop a scroll of revelation.
Done exploring.
843 ||| DROPPING scroll of butterflies.
You drop a scroll of butterflies.
Done exploring.
(D) Dungeon
Where to? (* - list waypoints, ? - help)
What level of the Dungeon? (default 1, ? - help) Sorry, I don't know how to get there.
Enter note:
Enter note:
Enter note:
Enter note:
Enter note:
Enter note:
Enter note:
Enter note:
Enter note:
Enter note:
Enter note:
Enter note: Really walk into that cloud of poison gas?
You are engulfed in poison gas.
You are poisoned.
You feel very sick.
845 ||| Stepping ~*~*~tactically~*~*~ (cloud).
You feel very sick.
Things that are here:
a scroll of butterflies; a scroll of revelation
There is a lethal amount of poison in your body!
You feel sick.
There is a lethal amount of poison in your body!
You die...

#.#####.....#####.
#######.######....##....
#######¤######........%.
#######0#######....#%##.
#######¤#####......#.##.
#######0#####...........
#######0#####........##.
#######¤#####...........
#######@#####.....######
###¤¤000######.....##
###¤##0######.......##
###.#00.####.........###
###.¤0¤....'.........'..
####00¤.####.........###
####¤#¤######.......##
####¤#########.....##
#.# ##...##


There were no monsters in sight!

Vanquished Creatures
  5 ball pythons (D:1)
  2 endoplasms (D:1)
  A giant cockroach (D:1)
  2 hobgoblins (D:1)
  4 jackals (D:1)
  2 quokkas (D:1)
  2 bats (D:1)
  A frilled lizard (D:1)
  4 goblins (D:1)
  4 rats (D:1)
27 creatures vanquished.

Notes
Turn   | Place    | Note
-------+----------+-------------------------------------------
     0 | D:1      | qw the Deep Elf Hunter began the quest for the Orb.
     0 | D:1      | Reached XP level 1. HP: 12/12 MP: 3/3
     0 | D:1      | 0 ||| qw: Version: 0.3-a-9-g12657ce
     0 | D:1      | 0 ||| qw: Game counter: 4735
     0 | D:1      | 0 ||| qw: Always use a shield: true
     0 | D:1      | 0 ||| qw: God list: Okawaru
     0 | D:1      | 0 ||| qw: Allow faded altars: false
     0 | D:1      | 0 ||| qw: Do Orc after D:15 true
     0 | D:1      | 0 ||| qw: Do second Lair branch before Depths: true
     0 | D:1      | 0 ||| qw: Lair rune preference: random
     0 | D:1      | 0 ||| qw: Plans: Normal
     0 | D:1      | 0 ||| PLANNING D:1-11
    85 | D:1      | Reached skill level 6 in Ranged Weapons
    85 | D:1      | Reached XP level 2. HP: 10/16 MP: 4/4
   670 | D:1      | Reached XP level 3. HP: 20/20 MP: 5/5
   832 | D:1      | 832 ||| UPGRADING to +0 helmet.
   837 | D:1      | 837 ||| READING 2 scrolls labelled JEVEAGE ZIPROXT.
   838 | D:1      | 838 ||| READING scroll labelled GIH YSHIQUY.
   839 | D:1      | 839 ||| READING scroll labelled ZAITRUERAF.
   840 | D:1      | 840 ||| READING scroll labelled RUAMNI YNAP.
   841 | D:1      | 841 ||| READING scroll labelled LAERIO REUT.
   842 | D:1      | 842 ||| DROPPING scroll of revelation.
   843 | D:1      | 843 ||| DROPPING scroll of butterflies.
   845 | D:1      | 845 ||| Stepping ~*~*~tactically~*~*~ (cloud).
   845 | D:1      | HP: 3/20 [poisoned by you (poison gas)]
   846 | D:1      | HP: 1/20 [poisoned by you (poison gas)]
   847 | D:1      | Succumbed to their own poison gas

Levels and vault maps discovered:
D:1:      giann_horns, layout_loops_corners

Skill      XL: |  1 |
---------------+----+-----
Ranged Weapons | 6 |  6.6
Fighting       | |  1.5
Dodging        | |  2.4
Stealth        | |  1.2

Action                     || total
---------------------------++-------
   Fire: Shortbow          ||    55
    Use: Scroll            ||     5
  Dodge: Dodged            ||     8

Table legend:
 A = Non-vault XP
 B = Vault XP
 C = Vault XP percentage of total XP
 D = Non-vault monster count
 E = Vault monster count
 F = Vault count percentage of total count
                 A         B        C        D         E       F
            +---------+---------+-------+---------+---------+-------
      Total |      44 |       0 |   0.0 |      27 |       0 |   0.0
            +---------+---------+-------+---------+---------+-------
        D:1 |      44 |       0 |   0.0 |      27 |       0 |   0.0
            +---------+---------+-------+---------+---------+-------
